Map: Dreamcatcher LE

Players

Luc - Winner!

  • Race: Zerg Zerg
  • League: Platinum
  • Spawn Location: 5:00

TonyLe

  • Race: Protoss Protoss
  • Spawn Location: 11:00

VOD

Have the link to the VOD?

Description

Time

  • Played on: Aug. 10, 2018, 2:47 p.m.
  • Length: 4:11
Show
View Real Time Build Order
Export as new Build Order

Luc Zerg - Winner!

Build Orders: Pool First 

Get SALT Encoding   

  12  0:01  Drone  
  13  0:14  Overlord  
  13  0:18  Drone  
  14  0:32  Drone x2  
  16  0:46  Spawning Pool  
  15  0:54  Drone  
  15  0:56  Overlord  
  16  1:04  Drone  
  17  1:25  Hatchery  
  17  1:27  Drone x2  
  18  1:33  Zergling x2  
  20  1:57  Zergling x4  
  22  2:10  Zergling x2  
  23  2:18  Hatchery  
  23  2:20  Spine Crawler  
  21  2:35  Queen  
  23  2:38  Hatchery  
  22  2:45  Spine Crawler, Drone  
  22  2:46  Zergling x4  
  22  2:51  Extractor  
  22  3:17  Zergling x4  
  22  3:19  Queen  
  26  3:44  Drone x2  
  30  3:50  Zergling x8  
  30  3:51  Zergling x4  
Show
View Real Time Build Order
Export as new Build Order

TonyLe Protoss 

Build Orders:  

Get SALT Encoding   

  1  0:00  Probe  
  13  0:14  Pylon  
  13  0:20  Probe  
  14  0:34  Forge  
  14  0:44  Pylon  
  14  0:53  Probe  
  15  1:11  Photon Cannon  
  15  1:12  Probe  
  15  1:13  Photon Cannon  
  16  1:20  Probe  
  17  1:30  Probe  
  17  1:37  Gateway  
  18  1:40  Assimilator  
  18  1:44  Probe  
  19  1:57  Pylon  
  19  2:02  Probe  
  20  2:17  Photon Cannon  
  20  2:19  Photon Cannon  
  20  2:40  Nexus  
  20  2:50  Photon Cannon  
  15  3:26  Photon Cannon  
  2  3:52  Photon Cannon  
Tags
 
League
Platinum
Matchup
PvZ
Opening
Pool First
Spawn Locations
Cross Positions
Add a new tag
Caveats
  • Supply blocks, unpowered buildings, or Contaminate may cause inaccurate times.
  • Supply counts are checked every 10 seconds.